 Dungeon Crawl Stone Soup version 0.29.0-4-gdea44cf6ec (webtiles) character file.

Game seed: 8812108953569692400

4 qw the Sneak (level 1, -4/14 HPs)
             Began as a Gargoyle Delver on Sept 10, 2022.
             Killed by nerve-wracking pain
             ... invoked by an orc priest
              (6 damage)
             ... on level 4 of the Dungeon.
             The game lasted 00:00:06 (204 turns).

qw the Sneak (Gargoyle Delver)                       Turns: 204, Time: 00:00:06

Health: -4/14      AC:  5    Str: 15    XL:     1   Next: 70%
Magic:  1/1        EV: 11    Int: 10    God:
Gold:   27         SH:  0    Dex: 11    Spells: 0/0 levels left

rFire   . . .      SeeInvis .   a - +0 hand axe
rCold   . . .      Faith    .   (no shield)
rNeg    + . .      Spirit   .   b - +0 leather armour
rPois   inf        Reflect  .   (no helmet)
rElec   +          Harm     .   (no cloak)
rCorr   .          Rampage  .   (no gloves)
Will    .....                   (no boots)
Stlth   +++.......              (no amulet)
HPRegen 0.04/turn               (no ring)
MPRegen 0.07/turn               (no ring)

@: no status effects
A: sickness immunity, AC +2, negative energy resistance 1, electricity
resistance, torment resistance 1, petrification resistance
a: no special abilities


You were on level 4 of the Dungeon.
You visited 1 branch of the dungeon, and saw 2 of its levels.

You collected 27 gold pieces.


Innate Abilities, Weirdness & Mutations

You are immune to sickness and miasma.
Your stone body is resilient. (AC +2)
You are immune to poison.
You resist negative energy. (rN+)
You are resistant to electric shocks. (rElec)
You are resistant to unholy torment.
You are immune to petrification.


   Skills:
 - Level 3.2 Fighting
 + Level 2.2 Axes
 - Level 1.5 Dodging
 - Level 5.4 Stealth


You couldn't memorise any spells.
You didn't know any spells.
Your spell library was empty.

Inventory:

Hand Weapons
 a - a +0 hand axe (weapon)
Armour
 b - a +0 leather armour (worn)
 c - a +0 chain mail
Wands
 g - a wand of digging (3)
Scrolls
 h - a scroll of noise {unknown}
Potions
 d - a potion of heal wounds {unknown}
 e - a potion of attraction {unknown}
 f - a potion of haste

Dungeon Overview and Level Annotations

Branches:
Dungeon (5/15)
 Temple: D:4-7

Altars:
Wu Jian


Message History

Enter note:
Found a robe and a scroll of magic mapping.
There is an escape hatch in the ceiling here.
There is an escape hatch in the ceiling here.
An orc comes into view. It is wielding a +0 short sword.
Found 2 metallic amethyst potions.
An orc comes into view. It is wielding a +0 club.
An orc priest comes into view. It is wielding a +0 dagger.
The orc priest shouts!
The orc priest hits you but does no damage.
You hit the orc priest.
The orc priest is lightly wounded.
You barely miss the orc.
An adder comes into view.
The orc priest hits you but does no damage.
The orc hits you but does no damage.
The adder moves out of view.
You closely miss the orc priest.
The orc priest is lightly wounded.
You hit the orc. You closely miss the orc.
The orc priest invokes the aid of Beogh against you.
Pain shoots through your body! The orc barely misses you. x2
The orc hits you but does no damage. The orc hits you with a +0 short sword.
The orc priest closely misses you.
You hit the orc.
You kill the orc!
You hit the orc priest. You closely miss the orc.
The orc priest hits you with a +0 dagger.
The orc hits you with a +0 club.
You completely miss the orc priest.
The orc priest is lightly wounded.
You closely miss the orc.
The orc priest invokes the aid of Beogh against you.
Pain shoots through your body! The orc misses you.
The adder hisses angrily.
You hit the orc priest.
The orc priest is heavily wounded.
You completely miss the orc.
The orc priest invokes the aid of Beogh against you.
Pain shoots through your body!
You die...

#.####.# #.# #.#
#.# #.##.#. #.#
#.# #.##...
#.####.###.##..#
#.<........##..#
######.######..#
#.# #..# #.#
#o.# #.#
####@)####. #.#
#....o.S.... #.#
#.###...##.#
#.###.## ...#
#.##...# .....
#...#### #..##.
###.# #.# # #.#
.. #.+


You could see an orc priest, an adder and an orc.

Vanquished Creatures
  An orc (D:4)
  2 hobgoblins (D:4)
3 creatures vanquished.

Notes
Turn   | Place    | Note
-------+----------+-------------------------------------------
     0 | D:5      | qw the Gargoyle Delver began the quest for the Orb.
     0 | D:5      | Reached XP level 1. HP: 14/14 MP: 1/1
     0 | D:5      | 0 ||| qw: Version: 0.1-a-116-g5d60599
     0 | D:5      | 0 ||| qw: Game counter: 9222
     0 | D:5      | 0 ||| qw: Always use a shield: true
     0 | D:5      | 0 ||| qw: God list: Okawaru
     0 | D:5      | 0 ||| qw: Allow faded altars: false
     0 | D:5      | 0 ||| qw: Do Orc after D:15 true
     0 | D:5      | 0 ||| qw: Do second Lair branch before Depths: true
     0 | D:5      | 0 ||| qw: Lair rune preference: random
     0 | D:5      | 0 ||| qw: Plans: Normal
     0 | D:5      | 0 ||| PLANNING D:1-11
     0 | D:5      | 0 ||| DROPPING scroll of fog.
     1 | D:5      | 1 ||| DROPPING scroll of magic mapping.
     2 | D:5      | 2 ||| DROPPING scroll of fear.
   116 | D:4      | Found an ornate altar of the Wu Jian Council.
   198 | D:4      | Noticed an orc priest
   203 | D:4      | HP: 2/14 [orc priest/nerve-wracking pain (2)]
   204 | D:4      | Killed from afar by an orc priest

Levels and vault maps discovered:
D:4:      layout_loops_ring, kennysheep_little_box, nzn_wu_jian_council_hall,
          serial_rivers, chequers_serial_rivers_micro_b,
          chequers_serial_rivers_room_b, chequers_serial_rivers_micro_b,
          chequers_serial_rivers_micro_b, chequers_serial_rivers_room_a,
          chequers_serial_rivers_micro_d
D:5:      layout_basic, minmay_temple_entry_glassed_door, uniq_sigmund

Skill      XL: |  1 |
---------------+----+-----
Axes           | 2 |  2.2
Fighting       | |  3.2
Dodging        | |  1.5
Stealth        | |  5.4

Action                   || total
-------------------------++-------
Melee: Hand axe          ||    12
Armor: Leather armour    ||     9
Dodge: Dodged            ||     5

Table legend:
 A = Non-vault XP
 B = Vault XP
 C = Vault XP percentage of total XP
 D = Non-vault monster count
 E = Vault monster count
 F = Vault count percentage of total count
                 A         B        C        D         E       F
            +---------+---------+-------+---------+---------+-------
      Total |       7 |       0 |   0.0 |       3 |       0 |   0.0
            +---------+---------+-------+---------+---------+-------
        D:4 |       7 |       0 |   0.0 |       3 |       0 |   0.0
            +---------+---------+-------+---------+---------+-------
